 Dungeon Crawl Stone Soup version 0.30.1-11-g7821555f0a (webtiles) character file.

Game seed: 7600594281476894096

11589 monsoonserge the Carver (level 11, -8/87 HPs)
             Began as a Merfolk Monk on Oct 27, 2023.
             Was a High Priest of Makhleb.
             Mangled by Lodul
             ... wielding a +0 dire flail
              (38 damage)
             ... on level 11 of the Dungeon.
             The game lasted 00:32:06 (9350 turns).

monsoonserge the Carver (Merfolk Monk)              Turns: 9350, Time: 00:32:07

Health: -8/87      AC: 15    Str: 11    XL:     11   Next: 80%
Magic:  16/16      EV: 16    Int: 11    God:    Makhleb [*****.]
Gold:   180        SH: 12    Dex: 22    Spells: 10/10 levels left

rFire   . . .        n - +0 long sword
rCold   . . .        K - +0 kite shield
rNeg    . . .        F - +2 leather armour of the Fiend {Harm Dex+2 Slay+2}
rPois   .            y - +1 helmet
rElec   .            m - +0 cloak
rCorr   .            (no gloves)
SInv    .            M - +2 pair of boots
Will    .....        l - amulet of regeneration
Stlth   ++           p - +4 ring of slaying
HPRegen 1.14/turn    A - +4 ring of protection
MPRegen 0.15/turn

%: harm (+30% outgoing, +20% incoming)
@: no status effects
A: (nimble swimmer 2), mertail
a: Renounce Religion, Minor Destruction, Lesser Servant of Makhleb, Major
Destruction, Greater Servant of Makhleb


You were on level 11 of the Dungeon.
You worshipped Makhleb.
Makhleb was extremely pleased with you.
You visited 2 branches of the dungeon, and saw 12 of its levels.

You collected 678 gold pieces.
You spent 498 gold pieces at shops.

Inventory:

Hand Weapons
 n - a +0 long sword (weapon)
 r - a +0 sling
Missiles
 d - 5 boomerangs
 I - 38 poisoned darts (quivered)
 J - 3 javelins
 N - a throwing net
 O - a curare-tipped dart
Armour
 m - a +0 cloak (worn)
 y - a +1 helmet (worn)
 F - the +2 leather armour of the Fiend (worn) {Harm Dex+2 Slay+2}
   (You found it on level 3 of the Dungeon)

   Dex:       It affects your dexterity (+2).
   Slay:      It affects your accuracy & damage with ranged weapons and melee
   (+2).
   Harm:      It increases damage dealt and taken.
 K - a +0 kite shield (worn)
 M - a +2 pair of boots (worn)
 Q - +0 acid dragon scales
Magical Staves
 s - a staff of earth
Jewellery
 j - an amulet of magic regeneration
 l - an amulet of regeneration (around neck)
 p - a +4 ring of slaying (left hand)
 A - a +4 ring of protection (right hand)
Wands
 b - a wand of mindburst (9)
 t - a wand of acid (8)
 E - a wand of iceblast (10)
 L - a wand of flame (34)
 R - a wand of paralysis (2)
Scrolls
 a - 3 scrolls of blinking
 f - 4 scrolls of fog
 g - a scroll of poison {unknown}
 h - 3 scrolls of enchant weapon
 i - 5 scrolls of fear {unknown}
 k - 10 scrolls of teleportation
 v - 2 scrolls of vulnerability
 C - a scroll of acquirement
 D - 2 scrolls of enchant armour
 G - 3 scrolls of amnesia
 H - a scroll of immolation
Potions
 c - 2 potions of ambrosia
 e - 2 potions of berserk rage
 o - 4 potions of flight {unknown}
 q - 3 potions of haste
 u - 2 potions of brilliance
 w - 3 potions of heal wounds
 x - 9 potions of curing
 z - a potion of mutation
 B - 2 potions of magic
 P - a potion of invisibility


   Skills:
 + Level 8.8 Fighting
 + Level 13.6 Long Blades
 + Level 1.7 Throwing
 + Level 3.5 Armour
 + Level 8.3 Dodging
 + Level 6.5 Shields
 + Level 7.9 Invocations
 + Level 2.0 Evocations


You had 10 spell levels left.
You didn't know any spells.
Your spell library contained the following spells:

 Spells                   Type           Power      Damage    Failure   Level
 Magic Dart               Conj           0%         1d3       83%         1
 Ensorcelled Hibernation  Hex/Ice        0%         N/A       93%         2
 Passwall                 Tmut/Erth      0%         N/A       93%         2
 Searing Ray              Conj           0%         2d4       93%         2
 Swiftness                Air            0%         N/A       99%         3
 Fulminant Prism          Conj/Hex       0%         3d5       100%        4


Dungeon Overview and Level Annotations

Branches:
Dungeon (11/15)            Temple (1/1) D:4            Lair (0/5) D:9
    Orc (0/2) D:9

Altars:
Ashenzari
Cheibriados
Dithmenos
Elyvilon
Fedhas
Gozag
Hepliaklqana
Kikubaaqudgha
Makhleb
Nemelex Xobeh
Okawaru
Qazlal
Ru
Sif Muna
Trog
Uskayaw
Vehumet
Wu Jian
Xom
Yredelemnul
Zin
The Shining One

Shops:
D:3 *!([(   D:5 !(*[

Portals:
Trove: D:10 (give 2 scrolls of acquirement)

Annotations:
D:5 2 runed translucent doors, Crazy Yiuf; foxicus's ghost, novice HOFi


Innate Abilities, Weirdness & Mutations

((You are very nimble when in or above water. (Stealth+, EV+, Speed+++)))
Your lower body shifts to a powerful aquatic tail in water.


Message History

You see here a +0 giant spiked club.
You barely miss the ogre.
The ogre is heavily wounded.
The ogre closely misses you.
You slash the ogre!
The ogre is almost dead.
The ogre misses you.
Your hellwing hits the ogre! x2
The ogre dies!
Makhleb accepts your kill. Something hits you. The ogre barely misses you.
Unknown command.
You hit the ogre.
You kill the ogre!
Makhleb accepts your kill.
You feel better.
The ogre hits your hellwing with a +0 giant spiked club!!
Your hellwing hits the ogre! x2
You hit the ogre.
The ogre is lightly wounded.
Something hits you!!
* * * LOW HITPOINT WARNING * * *
Your hellwing hits the ogre!
The ogre dies!
Makhleb accepts your kill.
The ogre hits you with a +0 giant spiked club.
* * * LOW HITPOINT WARNING * * *
You hit the ogre.
The ogre is moderately wounded.
Your hellwing hits the ogre. Your hellwing hits the ogre! You slash the ogre!
You kill the ogre!
Makhleb accepts your kill.
You feel better. Something hits you!
* * * LOW HITPOINT WARNING * * *
Your hellwing completely misses the ogre. x2
Unknown command.
You feel much better.
The ogre hits your hellwing but does no damage.
The ogre barely misses you. Something hits you!!
You die...

#...........#
#.).#.......##
#...##.......#
###........>....
####....#........##
##......###........#
#......)......#..>..
###{##.†...#.######.
##.@####{..#.# ##.
#.)O# #.........#..
#...4O...O...........
#....##O#.OO..#........
#.... .).....##.......
...... ........ .......
...... #..###....
...... ...## .... ..#.u
.... ..# .... ....


You could see 3 ogres and a friendly hellwing (summoned).

Vanquished Creatures
  2 boulder beetles
  Pikel (D:8)
  An ugly thing (D:11)
  An elephant (D:9)
  5 slime creatures (D:11)
  A gargoyle (D:11)
  Psyche (D:10)
  An unseen horror (D:6)
  2 trolls (D:10)
  Sigmund (D:3)
  2 shadows
  2 wyverns
  5 yaks (D:10)
  A basilisk (D:9)
  2 steam dragons
  Edmund (D:5)
  2 acid dragons (D:10)
  A water moccasin (D:7)
  A sky beast (D:7)
  4 black bears
  7 orc warriors
  7 ogres
  3 centaurs
  3 lemures (D:8)
  A phantom (D:5)
  4 kobold brigands
  2 bullfrogs (D:7)
  2 gnoll sergeants (D:7)
  3 scorpions
  3 wights (D:8)
  2 howler monkeys
  4 hounds
  2 jellies (D:5)
  4 orc priests
  An iron imp (D:5)
  Ijyb (D:3)
  A gnoll bouda (D:9)
  3 iguanas
  A sleepcap (D:5)
  5 orc wizards
  10 adders
  12 gnolls
  2 white imps
  2 dart slugs
  31 orcs
  4 ball pythons
  3 bats
  11 endoplasms
  2 giant cockroaches
  4 goblins
  7 hobgoblins
  7 quokkas
  25 kobolds
  5 rats
  A spectral orc (D:7)
222 creatures vanquished.

Vanquished Creatures (collateral kills)
  A two-headed ogre (D:11)
  3 ogres (D:11)
4 creatures vanquished.

Vanquished Creatures (others)
  An iguana (D:6)
  A butterfly (D:5)
2 creatures vanquished.

Grand Total: 228 creatures vanquished

Notes
Turn   | Place    | Note
-------+----------+-------------------------------------------
     0 | D:1      | monsoonserge the Merfolk Monk began the quest for the Orb.
     0 | D:1      | Reached XP level 1. HP: 18/18 MP: 1/1
   272 | D:1      | Reached XP level 2. HP: 24/24 MP: 2/2
   437 | D:1      | Reached skill level 4 in Long Blades
   865 | D:2      | Reached XP level 3. HP: 27/30 MP: 3/3
  1340 | D:2      | Reached XP level 4. HP: 37/37 MP: 4/4
  1491 | D:2      | Reached skill level 5 in Long Blades
  1538 | D:3      | Found Xunlel's Assorted Antiques.
  1539 | D:3      | Noticed Ijyb
  1554 | D:3      | Killed Ijyb
  1555 | D:3      | Reached skill level 5 in Dodging
  1555 | D:3      | Reached XP level 5. HP: 42/42 MP: 5/5
  1582 | D:3      | Found Heojul's Distillery.
  1647 | D:3      | Bought a brown potion for 19 gold pieces
  1647 | D:3      | Bought a scroll labelled ZUSONIL GOHAM for 22 gold pieces
  1647 | D:3      | Bought a scroll labelled YHOKUO YTOC for 22 gold pieces
  1647 | D:3      | Bought a scroll labelled WOZIXEISUI for 22 gold pieces
  1671 | D:3      | Found Fioxziy's Weapon Shop.
  1913 | D:3      | Noticed Sigmund
  2074 | D:3      | Bought a potion of curing for 42 gold pieces
  2074 | D:3      | Bought a potion of degeneration for 14 gold pieces
  2100 | D:3      | Found Kankirip's Antique Armour Emporium.
  2213 | D:4      | Found a broken altar of Ashenzari.
  2251 | D:4      | Found a burning altar of Makhleb.
  2303 | D:4      | Became a worshipper of Makhleb the Destroyer
  2303 | D:4      | Reached * piety under Makhleb
  2303 | D:4      | Reached ** piety under Makhleb
  2346 | D:4      | Noticed a black bear
  2364 | D:4      | Killed a black bear
  2365 | D:4      | Reached skill level 6 in Long Blades
  2365 | D:4      | Reached skill level 1 in Armour
  2365 | D:4      | Reached skill level 1 in Invocations
  2365 | D:4      | Reached skill level 1 in Evocations
  2365 | D:4      | Reached XP level 6. HP: 44/49 MP: 6/6
  2452 | D:4      | Found a staircase to the Ecumenical Temple.
  2799 | Temple   | Entered the Ecumenical Temple
  3049 | D:5      | Entered Level 5 of the Dungeon
  3049 | D:5      | Found Oriy's Assorted Antiques.
  3090 | D:5      | Found Wycunaj's Distillery.
  3097 | D:5      | Found a runed translucent door.
  3098 | D:5      | Noticed foxicus's ghost (novice HOFi)
  3132 | D:5      | Reached XP level 7. HP: 55/55 MP: 8/8
  3134 | D:5      | Noticed a steam dragon
  3145 | D:5      | Killed a steam dragon
  3146 | D:5      | Reached skill level 7 in Long Blades
  3404 | D:5      | Found a shimmering altar of Xom.
  3510 | D:5      | Found a white marble altar of Elyvilon.
  3548 | D:5      | Reached skill level 5 in Fighting
  3557 | D:5      | Found Bicool's Armour Shop.
  3687 | D:5      | Found a snail-covered altar of Cheibriados.
  3694 | D:5      | Reached XP level 8. HP: 62/62 MP: 10/10
  3782 | D:3      | Identified the +2 leather armour of the Fiend {Harm Dex+2
                  | Slay+2}
  3795 | D:3      | Found a transporter.
  3795 | D:3      | Found Taob's Antique Weapon Shoppe.
  3863 | D:3      | Killed Sigmund
  3864 | D:3      | Reached skill level 8 in Long Blades
  3874 | D:3      | Found a transporter.
  4029 | D:5      | Bought a scroll labelled ZUSONIL GOHAM for 22 gold pieces
  4029 | D:5      | Bought a brown potion for 19 gold pieces
  4029 | D:5      | Bought a scroll labelled ZUSONIL GOHAM for 22 gold pieces
  4029 | D:5      | Bought a scroll labelled TILLADOAPT for 22 gold pieces
  4029 | D:5      | Bought a scroll labelled ERHUMP GOGUO for 22 gold pieces
  4082 | D:5      | Found a runed translucent door.
  4083 | D:5      | Noticed Crazy Yiuf
  4221 | D:5      | Found Qyaffolu's Antique Weapon Emporium.
  4261 | D:5      | Found a hazy altar of Hepliaklqana.
  4268 | D:5      | Found an ancient bone altar of Kikubaaqudgha.
  4320 | D:5      | Noticed Edmund
  4330 | D:5      | HP: 3/62 [Edmund/+2 flail of protection (24)]
  4331 | D:5      | Killed Edmund
  4523 | D:6      | Noticed an unseen horror
  4534 | D:6      | Killed an unseen horror
  4535 | D:6      | Reached skill level 9 in Long Blades
  4656 | D:6      | Reached skill level 5 in Invocations
  4656 | D:6      | Reached XP level 9. HP: 66/68 MP: 12/12
  5133 | D:6      | Found a shimmering blue altar of Sif Muna.
  5498 | D:7      | Reached skill level 10 in Long Blades
  5721 | D:7      | Found a radiant altar of Vehumet.
  5928 | D:7      | Reached skill level 1 in Shields
  5958 | D:7      | Found a basalt altar of Yredelemnul.
  5965 | D:7      | Reached *** piety under Makhleb
  6360 | D:8      | Noticed Pikel
  6376 | D:8      | Killed Pikel
  6388 | D:8      | Found a glowing golden altar of the Shining One.
  6427 | D:8      | Reached skill level 11 in Long Blades
  6433 | D:8      | Reached XP level 10. HP: 77/77 MP: 15/15
  6495 | D:8      | Found a bloodstained altar of Trog.
  6899 | D:9      | Reached skill level 1 in Throwing
  7059 | D:9      | Noticed an elephant
  7085 | D:9      | Killed an elephant
  7104 | D:9      | Found a staircase to the Lair.
  7255 | D:9      | Found a stormy altar of Qazlal.
  7364 | D:9      | Found an ornate altar of the Wu Jian Council.
  7406 | D:9      | Found a sacrificial altar of Ru.
  7481 | D:9      | Found a staircase to the Orcish Mines.
  7572 | D:10     | Entered Level 10 of the Dungeon
  7823 | D:5      | Bought a potion of haste for 110 gold pieces
  7887 | D:3      | Bought 2 potions of heal wounds for 140 gold pieces
  8070 | D:8      | Identified the +0 quarterstaff "Jusiukhy" {drain, rF- Str+6
                  | Int+2 Dex+2}
  8205 | D:10     | Reached **** piety under Makhleb
  8406 | D:10     | Reached skill level 12 in Long Blades
  8453 | D:10     | Reached skill level 5 in Shields
  8607 | D:10     | Reached XP level 11. HP: 83/85 MP: 16/16
  8725 | D:10     | Found a portal to a secret trove of treasure.
  8823 | D:10     | Reached ***** piety under Makhleb
  8860 | D:10     | Identified a scroll of acquirement
  8968 | D:11     | Noticed Psyche
  8968 | D:11     | Noticed a boulder beetle
  8988 | D:10     | Killed Psyche
  9017 | D:10     | Killed a boulder beetle
  9094 | D:11     | Noticed a boulder beetle
  9126 | D:11     | Killed a boulder beetle
  9127 | D:11     | Reached skill level 13 in Long Blades
  9315 | D:11     | Noticed a two-headed ogre
  9320 | D:11     | Noticed a white ugly thing
  9328 | D:11     | Killed a two-headed ogre
  9331 | D:11     | Killed a white ugly thing
  9349 | D:11     | HP: 2/87 [something (16)]
  9350 | D:11     | Mangled by Lodul

Illustrated notes

Levels and vault maps discovered:
D:1:      scummos_arrival_star, layout_basic
D:2:      cheibrodos_old_hovel, layout_loops_ring
D:3:      layout_loops_ring, serial_shops, nicolae_shop_drivethru,
          nicolae_shop_crystal, nicolae_shop_trees, shop, shop,
          serial_bayou_pond_d, uniq_ijyb, uniq_sigmund
D:4:      layout_loops_ring, cheibrodos_ashenzari_chains,
          makhleb_heckhound_becter, minmay_temple_entry_statues
D:5:      layout_loops_ring, chei_slow_surprise,
          mainiacjoe_overflow_surrounded_room, nicolae_elyvilon_peaceful_grove,
          amethyst_overflow_temple_binary, gammafunk_ghost_grave, serial_shops,
          shop, nicolae_shop_statue_plus, shop, shop, uniq_edmund,
          uniq_crazy_yiuf_cottage
D:6:      layout_basic, lemuel_blue_sif_altar
D:7:      layout_loops_corners, mainiacjoe_overflow_alcove_2,
          yredelemnul_forgotten_temple_becter
D:8:      layout_rooms, trog_hazing_becter, nicolae_overflow_crystal_walls,
          kennysheep_dice, uniq_pikel
D:9:      layout_loops_ring, nicolae_ru_path_of_blood,
          nicolae_qazlal_eye_of_the_storm, old_standard_altar,
          david_lair_generic, orc_0_dummy
D:10:     layout_roguey, enter_trove_3, special_room [special_room_orc],
          minivault_11
D:11:     minmay_firetagon, layout_cave_pools, nicolae_blasting_shop,
          uniq_psyche, uniq_lodul, uniq_urug, uniq_harold
Temple:   nicolae_temple_bog_church

Skill      XL: |  1  2  3  4  5  6  7  8  9 10 11 |
---------------+----------------------------------+-----
Long Blades    | 4 5 6 7 9 11 12 13 | 13.6
Fighting       | 4 5 6 7 8 |  8.8
Dodging        | 5 6 7 8 |  8.3
Armour         | 1 2 3 |  3.5
Invocations    | 1 2 5 6 7 |  7.9
Evocations     | 1 2 |  2.0
Shields        | 2 5 6 |  6.5
Throwing       | 1 |  1.7

Action                     |  1- 3 |  4- 6 |  7- 9 | 10-12 || total
---------------------------+-------+-------+-------+-------++-------
  Melee: Falchion          |    64 |       |       |       ||    64
         Long sword        |    22 |    85 |   129 |   331 ||   567
         Tailslap          |       |       |       |     2 ||     2
  Throw: Dart              |       |       |     4 |     3 ||     7
         Boomerang         |       |       |     2 |     4 ||     6
 Invoke: Minor Destruction |       |     1 |    28 |    17 ||    46
         Lesser Servant of |       |       |       |     1 ||     1
    Use: Scroll            |       |     1 |       |    12 ||    13
         Potion            |       |       |       |     4 ||     4
   Stab: Sleeping          |       |       |     1 |     1 ||     2
         Invisible         |       |       |       |    10 ||    10
         Distracted        |       |       |       |     1 ||     1
 Armour: Robe              |     8 |       |       |       ||     8
         Ring mail         |    30 |    23 |     5 |       ||    58
         Scale mail        |       |       |     6 |       ||     6
         Leather armour    |       |       |    41 |    59 ||   100
  Dodge: Dodged            |    70 |    69 |    67 |   135 ||   341
  Block: Kite shield       |       |       |    11 |   177 ||   188
